 Dungeon Crawl Stone Soup version 0.27.1-33-g824d729ab1 (webtiles) character file.

Game seed: 11000982572652100557

81 safid the Chopper (level 4, -2/39 HPs)
             Began as a Hill Orc Fighter on Dec 15, 2021.
             Slain by Grinder (8 damage)
             ... on level 3 of the Dungeon.
             The game lasted 00:03:11 (2248 turns).

safid the Chopper (Hill Orc Fighter)                Turns: 2248, Time: 00:03:12

Health: -2/39      AC:  6    Str: 25    XL:     4   Next: 40%
Magic:  4/4        EV:  7    Int:  8    God:
Gold:   59         SH: 10    Dex: 10    Spells: 3/3 levels left

rFire    . . .     SeeInvis .   a - +0 war axe
rCold    . . .     Faith    .   c - +0 kite shield
rNeg     . . .     Spirit   .   b - +0 scale mail
rPois    .         Reflect  .   (no helmet)
rElec    .         Harm     .   (no cloak)
rCorr    .         Rampage  .   (no gloves)
Will     .....                  (no boots)
Stlth    ..........             (no amulet)
HPRegen  0.13/turn              g - +6 ring of strength
MPRegen  0.09/turn              (no ring)

@: mighty
A: no striking features
a: no special abilities


You were on level 3 of the Dungeon.
You visited 1 branch of the dungeon, and saw 3 of its levels.

You collected 59 gold pieces.

Inventory:

Hand Weapons
 a - a +0 war axe (weapon)
Missiles
 m - 3 datura-tipped darts (quivered)
Armour
 b - a +0 scale mail (worn)
 c - a +0 kite shield (worn)
Jewellery
 g - a +6 ring of strength (left hand)
Scrolls
 e - 5 scrolls of identify {unknown}
 f - 2 scrolls of vulnerability {unknown}
 i - 5 scrolls of enchant armour {unknown}
 j - a scroll of amnesia {unknown}
 k - 2 scrolls of teleportation {unknown}
Potions
 h - a potion of curing {unknown}
 l - 2 potions of lignification {unknown}


   Skills:
 - Level 3.6 Fighting
 + Level 4.6 Axes
 - Level 3.2 Armour
 + Level 4.5 Shields


You had 3 spell levels left.
You didn't know any spells.
Your spell library contained the following spells:

 Spells                   Type           Power      Damage    Failure   Level
 Apportation              Tloc           0%         N/A       98%         1
 Alistair's Intoxication  Tmut/Pois      0%         N/A       100%        5
 Invisibility             Hex            0%         N/A       100%        6


Dungeon Overview and Level Annotations

Branches:
Dungeon (3/15)

Altars:

Annotations:
D:3 Grinder


Message History

Found 11 gold pieces.
Found a stone staircase leading down.
A bat and a quokka come into view.
Grinder hits you!
You writhe in agony.
You closely miss Grinder. You slash the bat!
You kill the bat!
You block Grinder's attack.
Unknown command.
You slash Grinder!
Grinder is moderately wounded.
You slash the quokka!
You kill the quokka!
You block Grinder's attack. x2
Unknown command.
You closely miss Grinder.
Grinder is moderately wounded.
You block Grinder's attack.
Unknown command.
You closely miss Grinder.
Grinder is moderately wounded.
Grinder blinks!
Unknown command.
You completely miss Grinder.
Grinder is moderately wounded.
Grinder hits you.
You writhe in agony.
Unknown command.
You slash Grinder!
Grinder is severely wounded.
Grinder hits you! x2
* * * LOW HITPOINT WARNING * * *
You writhe in agony.
* * * LOW HITPOINT WARNING * * *
Unknown command.
You closely miss Grinder.
Grinder is severely wounded.
Grinder closely misses you.
Unknown command.
You barely miss Grinder.
Grinder is severely wounded.
Grinder closely misses you. Grinder hits you!
You die...

.<. #.. #.#
#.# #####.#
##...#.#
#......#######
#.....5@..!..#
#...<..#.#...#
##...#.#...
.$.
##.##.#..... .
#>##.#...>...
#.##.###....#
#.##.. ....#
#.#### ###.#
#.# #.. ...


You could see Grinder.

Vanquished Creatures
  An adder (D:2)
  3 gnolls (D:2)
  2 dart slugs
  6 ball pythons
  6 bats
  7 endoplasms
  2 goblins
  A hobgoblin (D:1)
  4 kobolds
  3 quokkas
  A frilled lizard (D:1)
  A rat (D:2)
37 creatures vanquished.

Notes
Turn   | Place    | Note
-------+----------+-------------------------------------------
     0 | D:1      | safid the Hill Orc Fighter began the quest for the Orb.
     0 | D:1      | Reached XP level 1. HP: 19/19 MP: 1/1
   197 | D:1      | Reached XP level 2. HP: 20/26 MP: 2/2
   748 | D:2      | Reached XP level 3. HP: 31/31 MP: 3/3
  1499 | D:2      | Reached XP level 4. HP: 23/39 MP: 4/4
  2125 | D:2      | Found a faded altar of an unknown god.
  2237 | D:3      | Noticed Grinder
  2248 | D:3      | Slain by Grinder

Illustrated notes

Levels and vault maps discovered:
D:1:      evilmike_arrival_plus, layout_basic, minmay_pentomino_z4
D:2:      layout_rooms, shapermc_ecumenical_altar_pompeii
D:3:      layout_loops_ring, minmay_quantized, uniq_grinder

Skill      XL: |  1  2  3 |
---------------+----------+-----
Axes           | 3 4 |  4.6
Shields        | 4 |  4.5
Fighting       | |  3.6
Armour         | |  3.2

Action                   |  1- 3 |  4- 6 || total
-------------------------+-------+-------++-------
Melee: War axe           |    65 |    25 ||    90
  Use: Potion            |       |     1 ||     1
Armor: Scale mail        |    22 |     8 ||    30
Dodge: Dodged            |    25 |     6 ||    31
Block: Kite shield       |    35 |    13 ||    48
